 Dungeon Crawl Stone Soup version 0.29-a0-284-gf9362112df (webtiles) character file.

Game seed: 9467531565487405518

9689 siradein the Grappler (level 11, -4/119 HPs)
             Began as a Troll Fighter on Mar 27, 2022.
             Was an Initiate of Yredelemnul.
             Slain by an eight-headed hydra (9 damage)
             ... on level 11 of the Dungeon on Mar 28, 2022.
             The game lasted 00:39:46 (10105 turns).

siradein the Grappler (Troll Fighter)              Turns: 10105, Time: 00:39:47

Health: -4/119     AC:  8    Str: 32    XL:     11   Next: 26%
Magic:  10/10      EV: 10    Int:  4    God:    Yredelemnul [......]
Gold:   274        SH: 14    Dex: 13    Spells: 10/10 levels left

rFire   . . .      SeeInvis .     - Unarmed
rCold   + . .      Faith    .   v - +0 tower shield
rNeg    . . .      Spirit   .   D - +2 robe {Will+}
rPois   .          Reflect  .   F - +1 hat
rElec   .          Harm     .   u - +0 cloak
rCorr   .          Rampage  .   (gloves unavailable)
Will    +....      Clarity  +   (boots unavailable)
Stlth   +.........              A - amulet of regeneration
HPRegen 1.89/turn               r - ring of protection from cold
MPRegen 0.12/turn               a - +6 ring of strength

@: no status effects
A: large, unfitting armour, claws 3, regeneration 1, shaggy fur 1, tough skin 1,
clarity, low MP 2, robust 1
a: Renounce Religion, Recall Undead Harvest


You were on level 11 of the Dungeon.
You worshipped Yredelemnul.
Yredelemnul was noncommittal.
You visited 2 branches of the dungeon, and saw 12 of its levels.

You collected 778 gold pieces.
You spent 504 gold pieces at shops.

Inventory:

Missiles
 e - 313 stones
 i - 10 large rocks (quivered)
 k - 3 poisoned darts
 C - 2 javelins
Armour
 u - a +0 cloak (worn)
 v - a +0 tower shield (worn)
 D - a +2 robe of willpower (worn)
 F - a +1 hat (worn)
Jewellery
 a - a +6 ring of strength (right claw)
 o - a ring of wizardry
 r - a ring of protection from cold (left claw)
 A - an amulet of regeneration (around neck)
Wands
 H - a wand of iceblast (5)
 L - a wand of mindburst (6)
 M - a wand of digging (6)
Scrolls
 d - a scroll of fear
 m - 6 scrolls of teleportation
 p - a scroll of fog {unknown}
 q - 3 scrolls of acquirement {unknown}
 s - a scroll of enchant weapon {unknown}
 x - a scroll of silence {unknown}
 y - 3 scrolls of blinking {unknown}
 B - a scroll of enchant armour
 E - a scroll of magic mapping {unknown}
 G - a scroll of brand weapon {unknown}
 J - a scroll of torment {unknown}
 K - a scroll of amnesia {unknown}
Potions
 b - a potion of resistance
 c - 2 potions of might
 f - a potion of cancellation
 g - 4 potions of lignification
 h - a potion of brilliance {unknown}
 j - a potion of mutation
 l - 6 potions of curing
 n - 2 potions of attraction
 t - 3 potions of flight {unknown}
 w - a potion of berserk rage {unknown}
 z - 2 potions of heal wounds
Miscellaneous
 I - a box of beasts


   Skills:
 + Level 7.0 Fighting
 + Level 6.3 Throwing
 + Level 7.0 Dodging
 + Level 7.0 Shields
 + Level 8.1 Unarmed Combat
 + Level 4.0 Invocations
 + Level 0.4 Evocations


You had 10 spell levels left.
You didn't know any spells.
Your spell library contained the following spells:

 Spells                   Type           Power      Damage    Failure   Level
 Apportation              Tloc           0%         N/A       96%         1
 Corpse Rot               Necr/Air       0%         N/A       99%         2
 Cause Fear               Hex            0%         N/A       100%        4
 Dispel Undead            Necr           0%         3d6       100%        4
 Alistair's Intoxication  Tmut/Pois      0%         N/A       100%        5
 Dragon Form              Tmut           0%         N/A       100%        7
 Dragon's Call            Summ           0%         N/A       100%        9
 Death Channel            Necr           Unusable   N/A       N/A         6

Dungeon Overview and Level Annotations

Branches:
Dungeon (11/15)            Temple (1/1) D:4             Orc (0/2) D:11
   Lair: D:8-11

Altars:
Ashenzari
Cheibriados
Dithmenos
Elyvilon
Fedhas
Gozag
Hepliaklqana
Kikubaaqudgha
Makhleb
Nemelex Xobeh
Okawaru
Qazlal
Ru
Sif Muna
Trog
Uskayaw
Vehumet
Wu Jian
Xom
Yredelemnul
Zin
The Shining One

Shops:
D:3 (   D:4 !*   D:6 (   D:9 [:[   D:10 (=?


Innate Abilities, Weirdness & Mutations

You are too large for most types of armour.
You have claws for hands.
Your natural rate of healing is unusually fast.
You are covered in fur. (AC +1)
You have tough skin. (AC +1)
You possess an exceptional clarity of mind.
Your magical capacity is very low. (-20% MP)
You are robust. (+10% HP)


Message History

Aim: an eight-headed hydra (moderately wounded, 81% to hit)
You throw a large rock.
The large rock hits the eight-headed hydra.
The eight-headed hydra is heavily wounded.
You block the eight-headed hydra's attack.
The eight-headed hydra barely misses you.
The eight-headed hydra bites you!
The eight-headed hydra bites you but does no damage.
The eight-headed hydra bites you! The eight-headed hydra bites you. x2
The eight-headed hydra closely misses you.
You block the eight-headed hydra's attack.
The eight-headed hydra bites you but does no damage.
The eight-headed hydra bites you!
The eight-headed hydra completely misses you.
The eight-headed hydra bites you!
* * * LOW HITPOINT WARNING * * *
The eight-headed hydra bites you.
* * * LOW HITPOINT WARNING * * *
You block the eight-headed hydra's attack. x2
A hound comes into view.
Throw: 11 large rocks
Press: ? - help, Q - select action, (/) - cycle Shift-Dir - straight line, f/p - eight-headed hydra
Aim: an eight-headed hydra (moderately wounded, 81% to hit)
You throw a large rock.
The large rock hits the eight-headed hydra!!!
The eight-headed hydra is almost dead.
The eight-headed hydra bites you but does no damage.
You block the eight-headed hydra's attack. x3
The eight-headed hydra barely misses you.
The eight-headed hydra bites you!
* * * LOW HITPOINT WARNING * * *
You block the eight-headed hydra's attack.
The eight-headed hydra bites you!
* * * LOW HITPOINT WARNING * * *
The eight-headed hydra bites you!
* * * LOW HITPOINT WARNING * * *
The eight-headed hydra closely misses you.
The eight-headed hydra bites you!
You die...
Your body rises from the dead as a mindless zombie.

#............### ##^
................. .'.
.....#####........ #..
.....#≈≈≈#..>..... ## ...
....#≈≈≈#........ ..#######'#
##..#≈≈≈#.)######
≈≈≈.....#..##...#####..)#####
≈≈......##.............).....
≈≈......# #@#.........#.####
≈≈≈≈≈≈..####D####..#####.#
≈≈≈≈.S.D...hho....## #.#
.≈≈≈≈..o...hT.....# ###'####
≈≈≈≈.≈.....)......# #.......
.≈≈≈ST..)..)......####.......
≈≈≈.≈≈≈...####....#..'.......
.≈≈≈......# #....#.##.......
≈≈≈..≈....# #....##########'


You could see an eight-headed hydra, a troll, 2 wolves, a hound and an orc
wizard.

Vanquished Creatures
  3 two-headed ogres
  Nergalle (D:10)
  Maurice (D:8)
  A kobold demonologist (D:5)
  Psyche (D:10)
  A troll (D:9)
  A vampire (D:10)
  3 vampire mosquitoes (D:9)
  2 steam dragons
  Edmund (D:5)
  An acid dragon (D:9)
  2 water moccasins
  A black bear (D:5)
  2 ice beasts
  7 orc warriors
  3 wolves (D:11)
  2 ogres
  2 centaurs
  4 phantoms
  A kobold brigand (D:8)
  3 bullfrogs
  A gnoll sergeant (D:8)
  4 scorpions (D:5)
  14 wights
  A killer bee (D:8)
  4 howler monkeys
  4 orc priests
  7 hounds
  6 jellies
  A gnoll shaman (D:5)
  6 iguanas
  5 orc wizards
  9 gnolls
  12 adders
  A shadow imp (D:5)
  A white imp (D:7)
  5 worms
  2 dart slugs
  39 orcs
  9 ball pythons
  12 endoplasms
  11 giant cockroaches
  7 goblins
  10 hobgoblins
  10 jackals
  8 kobolds
  6 quokkas
  9 bats
  3 frilled lizards
  5 rats
  A spectral hobgoblin (D:1)
256 creatures vanquished.

Vanquished Creatures (collateral kills)
  A wyvern (D:10)
  A steam dragon (D:9)
  A vampire mosquito (D:9)
  An ogre (D:5)
  A scorpion (D:5)
  2 iguanas
  An orc wizard (D:8)
  An adder (D:5)
  A white imp (D:6)
  4 orcs
  A quokka (D:5)
15 creatures vanquished.

Vanquished Creatures (others)
  A vampire mosquito zombie (D:9)
  A wolf zombie (D:11)
  A black bear zombie (D:5)
  A scorpion zombie (D:5)
  A spectral white imp (D:7)
  4 adder zombies (D:5)
  An orc (D:10)
  A dart slug zombie (D:5)
  16 orc zombies
  A quokka zombie (D:5)
  8 plants
36 creatures vanquished.

Grand Total: 307 creatures vanquished

Notes
Turn   | Place    | Note
-------+----------+-------------------------------------------
     0 | D:1      | siradein the Troll Fighter began the quest for the Orb.
     0 | D:1      | Reached XP level 1. HP: 22/22 MP: 0/0
     0 | D:1      | Noticed a jelly
     1 | D:1      | Found a runed translucent door.
     3 | D:1      | Noticed a jelly
    86 | D:1      | Reached XP level 2. HP: 29/29 MP: 1/1
   498 | D:1      | Found a faded altar of an unknown god.
   502 | D:1      | Reached XP level 3. HP: 36/36 MP: 2/2
   957 | D:2      | Reached XP level 4. HP: 44/44 MP: 3/3
  1719 | D:1      | Reached skill level 3 in Unarmed Combat
  1725 | D:1      | Reached XP level 5. HP: 8/53 MP: 1/4
  1920 | D:3      | Found Zueseto's Antique Weapon Shoppe.
  2333 | D:3      | Reached XP level 6. HP: 61/61 MP: 5/5
  2699 | D:4      | Found Qionerph Yruo's Mass Market.
  2707 | D:4      | Bought 4 large rocks for 39 gold pieces
  2707 | D:4      | Bought 3 large rocks for 29 gold pieces
  2913 | D:4      | Found Dek Zets's Distillery.
  2921 | D:4      | Reached skill level 1 in Throwing
  2921 | D:4      | Reached skill level 4 in Unarmed Combat
  3099 | D:4      | Found a staircase to the Ecumenical Temple.
  3195 | Temple   | Entered the Ecumenical Temple
  3423 | Temple   | Became a worshipper of Yredelemnul the Dark
  3468 | D:4      | Reached XP level 7. HP: 52/68 MP: 2/6
  3719 | D:4      | Reached * piety under Yredelemnul
  3756 | D:5      | Entered Level 5 of the Dungeon
  3828 | D:5      | Found a sacrificial altar of Ru.
  3843 | D:5      | Noticed Edmund
  3854 | D:5      | Killed Edmund
  3939 | D:5      | Found a glowing silver altar of Zin.
  4183 | D:5      | Reached XP level 8. HP: 56/79 MP: 7/7
  4186 | D:5      | Reached ** piety under Yredelemnul
  4255 | D:5      | Noticed a kobold demonologist
  4256 | D:5      | Noticed a two-headed ogre
  4458 | D:5      | Killed a kobold demonologist
  4459 | D:5      | Reached skill level 5 in Unarmed Combat
  4480 | D:5      | Reached *** piety under Yredelemnul
  4574 | D:5      | Reached skill level 5 in Dodging
  4577 | D:5      | Reached skill level 5 in Fighting
  4578 | D:5      | Reached skill level 5 in Shields
  4687 | D:5      | Killed a two-headed ogre
  4688 | D:5      | Reached skill level 6 in Unarmed Combat
  4688 | D:5      | Reached XP level 9. HP: 50/88 MP: 1/8
  5140 | D:6      | Found Cadwim's Antique Weapon Emporium.
  5395 | D:6      | Found a stormy altar of Qazlal.
  6084 | D:7      | Gained mutation: You possess an exceptional clarity of
                  | mind. [potion of mutation]
  6084 | D:7      | Gained mutation: Your magical capacity is low. (-10% MP)
                  | [potion of mutation]
  6084 | D:7      | Gained mutation: Your magical capacity is very low. (-20%
                  | MP) [potion of mutation]
  6084 | D:7      | Gained mutation: You are robust. (+10% HP) [potion of
                  | mutation]
  6133 | D:7      | Reached skill level 1 in Invocations
  6243 | D:7      | You fall into a shaft and drop 2 floors!
  6275 | D:9      | Found Jyuruomo's Armour Emporium.
  6290 | D:9      | Reached skill level 5 in Throwing
  6290 | D:9      | Reached XP level 10. HP: 64/101 MP: 6/7
  6313 | D:9      | Bought a +2 robe of willpower for 247 gold pieces
  6313 | D:9      | Bought a +1 hat for 154 gold pieces
  6496 | D:9      | Reached skill level 7 in Unarmed Combat
  6668 | D:8      | Noticed Maurice
  7270 | D:8      | Found an opulent altar of Gozag.
  7670 | D:8      | Killed Maurice
  8614 | D:9      | Found a shimmering blue altar of Sif Muna.
  8616 | D:9      | Noticed a two-headed ogre
  8655 | D:9      | Killed a two-headed ogre
  8759 | D:9      | Found Vitocw's Armour Emporium.
  8930 | D:9      | Found Yheim's Book Boutique.
  9059 | D:10     | Entered Level 10 of the Dungeon
  9145 | D:10     | Found a white marble altar of Elyvilon.
  9146 | D:10     | Noticed Nergalle
  9156 | D:10     | Killed Nergalle
  9189 | D:9      | Reached XP level 11. HP: 101/117 MP: 9/9
  9363 | D:10     | Noticed a two-headed ogre
  9363 | D:10     | Noticed Psyche
  9391 | D:10     | Killed a two-headed ogre
  9392 | D:10     | Reached skill level 8 in Unarmed Combat
  9395 | D:10     | Killed Psyche
  9464 | D:10     | Found Dyus's Magic Scroll Emporium.
  9465 | D:10     | Found Erearurch's Weapon Shop.
  9465 | D:10     | Found Lariquc's Jewellery Shoppe.
  9484 | D:10     | Bought 3 large rocks for 35 gold pieces
  9506 | D:10     | Found a broken altar of Ashenzari.
  9935 | D:11     | Found a staircase to the Orcish Mines.
 10087 | D:11     | Noticed an eight-headed hydra
 10105 | D:11     | HP: 5/119 [eight-headed hydra (14)]
 10105 | D:11     | Slain by an eight-headed hydra

Illustrated notes

Levels and vault maps discovered:
D:1:      dpeg_arrival_caged_fury, layout_basic, serial_glass, glass_columns_a,
          glass_columns_a, dreamdust_ecumenical_altar_drowned_temple,
          minmay_fountain_box, minmay_hexomino_c4
D:2:      minmay_angry_zag, layout_basic, minmay_misc_feat_ornament,
          minmay_misc_feat_rows, minmay_misc_feat_room, minmay_ruptured
D:3:      layout_loops_ring, serial_shops,
          nicolae_shop_temple_entry_statues_fountains, minmay_circle_x
D:4:      layout_gridville, minmay_temple_entry_overgrown, minmay_shop_mass,
          roderic_nine_men_s_morris, kennysheep_windowed_goal
D:5:      kennysheep_windowed_halls, layout_rooms,
          mainiacjoe_overflow_tiny_flanked, mainiacjoe_overflow_alcove_1,
          grunt_decor_junction, uniq_edmund
D:6:      layout_loops_corners, nicolae_qazlal_eye_of_the_storm, serial_shops,
          shop
D:7:      layout_loops_ring
D:8:      minmay_general_purpose_star, layout_layer_cave,
          nicolae_gozag_seed_capital, kennysheep_nondescript, uniq_maurice
D:9:      layout_roguey, mainiacjoe_overflow_catwalk, serial_shops, shop, shop,
          kennysheep_mini
D:10:     layout_irregular_city, lemuel_crystal_altar, elyvilon_altar_5,
          moated_statue, serial_bayou_pond_c, nicolae_wooded_promenade,
          uniq_nergalle, uniq_psyche
D:11:     layout_roguey, erik_lair_island, orc_0_dummy,
          gammafunk_ghost_nasty_kobolds, serial_aquarium,
          aquarium_bridge_straight [aquarium_subvault_bridge,
          aquarium_subvault_wall, aquarium_subvault_bridge,
          aquarium_subvault_wall], aquarium_window_fake, aquarium_window_fake,
          aquarium_window_1, aquarium_view_2e, aquarium_balcony_3a,
          aquarium_pool_2, hangedman_decor_diamond_cutter
Temple:   regret_index_temple_generic_petals

Skill      XL: |  1  2  3  4  5  6  7  8  9 10 11 |
---------------+----------------------------------+-----
Dodging        | 3 4 5 6 7 |  7.0
Fighting       | 3 4 5 6 7 |  7.0
Shields        | 3 4 5 6 7 |  7.0
Unarmed Combat | 3 4 6 7 8 |  8.1
Throwing       | 1 2 4 5 6 |  6.3
Invocations    | 1 3 4 |  4.0
Evocations     | |  0.4

Action                   |  1- 3 |  4- 6 |  7- 9 | 10-12 || total
-------------------------+-------+-------+-------+-------++-------
Melee: Unarmed           |    79 |   229 |   282 |   269 ||   859
Throw: Dart              |       |       |     3 |     1 ||     4
       Large rock        |       |       |       |     4 ||     4
Invok: Recall Undead Har |       |       |    10 |       ||    10
       Dark Bargain      |       |       |     2 |       ||     2
  Use: Scroll            |       |     5 |     3 |     4 ||    12
       Potion            |       |       |     1 |       ||     1
 Stab: Sleeping          |     1 |     1 |     1 |     1 ||     4
Armor: Robe              |    22 |    54 |    79 |    70 ||   225
Dodge: Dodged            |    34 |    73 |   115 |    95 ||   317
Block: Kite shield       |    25 |    86 |    67 |       ||   178
       Tower shield      |       |       |    86 |   240 ||   326

Table legend: (Time is in decaauts)
 A = Elapsed time spent in this place.
 B = Non-inter-level travel time spent in this place.
 C = Inter-level travel time spent in this place.
 D = Time resting spent in this place.
 E = Time spent auto-exploring this place.
 F = Levels seen in this place.
 G = Mean time per level.
                   A        B        C        D        E       F      G
               +--------+--------+--------+--------+--------+-----+--------+
         Total |  10213 |   9894 |    319 |    167 |   7508 |  12 |  851.1 |
       Dungeon |   9965 |   9646 |    319 |    167 |   7301 |  11 |  905.9 |
        Temple |    248 |    248 |      0 |      0 |    207 |   1 |  248.0 |
               +--------+--------+--------+--------+--------+-----+--------+

Top non-repeatable levels by time:
     D:8: 1436 daAuts
     D:5: 1303 daAuts
     D:1: 965 daAuts
     D:9: 926 daAuts
     D:6: 918 daAuts
     D:4: 887 daAuts
     D:2: 886 daAuts
     D:7: 833 daAuts
    D:10: 811 daAuts
     D:3: 797 daAuts
  Temple: 248 daAuts
    D:11: 198 daAuts
